 Dungeon Crawl Stone Soup version 0.31-a0-986-g5e6e4ef867 (webtiles) character file.

Game seed: 3740839879627527586

22804 Forgeling the Cleaver (level 12, -18/166 HPs)
             Began as an Armataur Berserker on Nov 21, 2023.
             Was an Elder of Trog.
             Demolished by a minotaur
             ... wielding the +5 glaive of the Guard {elec, spectral}
              (37 damage)
             ... in a Gauntlet.
             The game lasted 00:48:01 (14205 turns).

Forgeling the Cleaver (Armataur Berserker)         Turns: 14205, Time: 00:48:02

Health: -18/166    AC: 10    Str: 33    XL:     12   Next: 66%
Magic:  12/12      EV:  7    Int:  8    God:    Trog [****..]
Gold:   836        SH: 15    Dex: 10    Spells: 11/11 levels left

rFire   . . .        a - +1 hand axe (flame)
rCold   + . .        l - +1 tower shield
rNeg    + + .        v - +1 scale mail {rPois}
rPois   +            (no helmet)
rElec   .            (no cloak)
rCorr   +            M - +0 pair of gloves "Lixymoot" {*Corrode rN++ Str+6}
SInv    .            (no barding)
Will    .....        D - amulet of regeneration Stlth
                     z - ring of resist corrosion
HPRegen 1.27/turn    g - ring of protection from cold
MPRegen 0.13/turn

%: no teleportation, corrode self (3%), roll
@: berserking, attractive, very quick
A: large, rugged brown scales 3, deformed body, armoured tail, roll, long
tongue, awkward tongue
a: Renounce Religion, Berserk, Trog's Hand, Brothers in Arms


You were in a Gauntlet.
You worshipped Trog.
Trog was greatly pleased with you.
You visited 2 branches of the dungeon, and saw 13 of its levels.
You also visited: Ossuary and Gauntlet.

You collected 836 gold pieces.

Inventory:

Hand Weapons
 a - a +1 hand axe of flaming (weapon)
 b - the +7 sling of Propriety {freeze, rF+ rCorr Dex+4}
   (You found it on level 8 of the Dungeon)

   Dex+4:     It affects your dexterity (+4).
   rF+:       It protects you from fire.
   rCorr:     It protects you from acid and corrosion.
 p - the +9 sword of Power {lifebolt}
   (You found it on level 3 of the Dungeon)
 G - a +0 war axe
Missiles
 i - 2 curare-tipped darts
 t - 18 poisoned darts (quivered)
 u - 5 throwing nets
 I - 13 boomerangs
Armour
 l - a +1 tower shield (worn)
 n - a +2 robe of resistance
 o - +0 steam dragon scales
 v - a +1 scale mail of poison resistance (worn)
 M - the +0 pair of gloves "Lixymoot" (worn) {*Corrode rN++ Str+6}
   (You found it in a Gauntlet)

   Str+6:     It affects your strength (+6).
   rN++:      It greatly protects you from negative energy.
   *Corrode:  It may corrode you when you take damage.
Jewellery
 c - an amulet of reflection
 g - a ring of protection from cold (right hand)
 k - a ring of positive energy
 z - a ring of resist corrosion (left hand)
 D - an amulet of regeneration (around neck)
 L - a ring of willpower
Wands
 d - a wand of digging (3)
 e - a wand of charming (28)
 h - a wand of acid (22)
 j - a wand of polymorph (4)
 q - a wand of flame (17)
Scrolls
 f - a scroll of fear {unknown}
 m - 2 scrolls of enchant armour
 r - a scroll of torment
 s - a scroll of blinking {unknown}
 w - a scroll of revelation {unknown}
 y - a scroll of poison {unknown}
 F - a scroll of fog
 K - 3 scrolls of immolation
 O - 2 scrolls of silence
 V - 2 scrolls of vulnerability
 Y - 9 scrolls of teleportation {@r3}
Potions
 x - 2 potions of enlightenment
 A - 3 potions of attraction
 B - 3 potions of might {unknown}
 C - 3 potions of mutation {unknown}
 E - a potion of invisibility {unknown}
 H - 2 potions of haste
 J - a potion of degeneration {unknown}
 N - a potion of heal wounds {@q2}
 Q - 5 potions of magic
 T - a potion of berserk rage
 W - 4 potions of lignification


   Skills:
 + Level 9.0 Fighting
 + Level 13.0 Axes
 + Level 0.9 Throwing
 + Level 8.1 Armour
 - Level 1.3 Dodging
 + Level 8.1 Shields
 - Level 7.0 Evocations


You had 11 spell levels left.
You didn't know any spells.
Your spell library was empty.

Dungeon Overview and Level Annotations

Branches:
Dungeon (11/15)            Temple (0/1) D:4            Lair (2/5) D:11
    Orc (0/2) D:9         Ossuary (visited)         Gauntlet (1/1)
  Swamp: Lair:2-3    Shoals: Lair:2-3     Snake: Lair:2-3    Spider: Lair:2-3

Altars:
Ashenzari
Cheibriados
Elyvilon
Hepliaklqana
Kikubaaqudgha
Makhleb
Nemelex Xobeh
Qazlal
Ru
Sif Muna
Trog
Yredelemnul
Zin

Shops:
D:3 *   D:4 (

Annotations:
D:8 3 runed translucent doors, perezv8180's ghost, novice GrMo Gauntlet 12 transporters, 21 runed translucent doors, exclusion: 2 lightning spires


Innate Abilities, Weirdness & Mutations

You are completely covered in rugged brown scales. (AC +3, +7% HP)
Armour fits poorly on your strangely shaped body.
You have a long armoured tail.
You roll when moving toward enemies. (Rampage)
Your long tongue fully drains potion bottles. (2x potion effects)
Your tongue gives you trouble enunciating. (1.5x scroll delay)


Message History

You feel yourself moving faster!
You feel mighty! Trog will no longer gift you weapons.
Your ogre hits the minotaur with a +0 giant spiked club!!
The minotaur hits you with the +5 glaive of the Guard {elec, spectral}!!
The minotaur gores you.
A +5 glaive of the Guard {elec, spectral} comes into view.
You hit the minotaur but do no damage.
The minotaur is moderately wounded.
Your ogre barely misses the minotaur.
The minotaur hits you with the +5 glaive of the Guard {elec, spectral}!!
The +5 glaive of the Guard {elec, spectral} hits you from afar!!
* * * LOW HITPOINT WARNING * * *
The minotaur gores you!
* * * LOW HITPOINT WARNING * * *
You slash the minotaur! You burn the minotaur.
The minotaur is heavily wounded.
You hit the minotaur but do no damage.
The minotaur is heavily wounded.
The minotaur gores you!
* * * LOW HITPOINT WARNING * * *
You slash the minotaur! You burn the minotaur.
The minotaur is severely wounded.
The +5 glaive of the Guard {elec, spectral} is attracted toward you.
You slash the minotaur! You burn the minotaur.
The minotaur is severely wounded.
Your ogre barely misses the minotaur.
The minotaur hits you with the +5 glaive of the Guard {elec, spectral}!!
* * * LOW HITPOINT WARNING * * *
You are electrocuted!
* * * LOW HITPOINT WARNING * * *
The +5 glaive of the Guard {elec, spectral} hits you from afar.
* * * LOW HITPOINT WARNING * * *
You barely miss the minotaur.
The minotaur is severely wounded.
You hit the minotaur. You burn the minotaur.
Your tail-slap misses the minotaur.
The minotaur is severely wounded.
Your ogre closely misses the minotaur.
The minotaur hits you with the +5 glaive of the Guard {elec, spectral}!!!
You die...

##### ≈≈≈≈ ≈∩≈ ... ###.##
.... #######H#######
#.....O@......#
#.###.###.###.#
#.###.###.###.#
#.............#
##.###.###.###
#####.###.###.#####
#≈...............§# ###
####8..©.©.©.©.©.©..8####
### #8#
#8##≈...............≈##8#
#8#


You could see a minotaur (ally target) and a friendly ogre (summoned, berserk).

Vanquished Creatures
  An entropy weaver (Gauntlet)
  Josephine (D:11)
  Harold (D:9)
  2 two-headed ogres
  A death yak (Lair:2)
  Amaemon (D:11)
  An arcanist (Gauntlet)
  A cyclops (D:11)
  A black mamba (Lair:2)
  3 elephants (Lair:1)
  A torpor snail (Gauntlet)
  An orange demon (D:11)
  Psyche (D:10)
  4 cane toads (Lair:1)
  A rime drake (Lair:2)
  2 komodo dragons (Lair:1)
  A troll (D:10)
  A shadow (D:11)
  A wyvern (Lair:1)
  21 yaks
  6 wraiths
  Grum (D:10)
  2 basilisks
  A redback (Gauntlet)
  3 steam dragons
  4 vampire mosquitoes (D:11)
  Menkaure (D:7)
  2 acid dragons
  3 water moccasins
  An ice beast (D:6)
  An orc warrior (D:11)
  2 ogres
  3 black bears
  19 wolves
  3 centaurs
  2 kobold brigands
  2 bullfrogs
  5 gnoll sergeants
  2 scorpions (D:4)
  4 wights (D:8)
  11 killer bees
  A howler monkey (D:10)
  An electric eel (D:9)
  4 jellies
  3 hounds
  11 orc priests
  2 gnoll boudas
  6 iguanas
  Ijyb (D:4)
  13 orc wizards
  A sleepcap (D:4)
  Terence (D:2)
  2 mummies (Ossuary)
  12 adders
  28 gnolls
  2 shadow imps
  3 white imps
  2 worms (D:2)
  2 dart slugs
  45 orcs
  6 endoplasms
  3 giant cockroaches
  15 goblins
  10 hobgoblins
  4 jackals
  12 kobolds
  5 quokkas
  4 ball pythons
  6 bats
  2 frilled lizards (D:1)
  5 gnoll zombies (Ossuary)
  4 goblin zombies (Ossuary)
  2 hobgoblin zombies (Ossuary)
  3 orc zombies (Ossuary)
  7 rats
353 creatures vanquished.

Vanquished Creatures (collateral kills)
  2 death yaks (Lair:2)
  A komodo dragon (Lair:2)
  A vampire (D:11)
  A bullfrog (Lair:2)
  2 killer bees (D:8)
  A white imp (D:8)
8 creatures vanquished.

Grand Total: 361 creatures vanquished

Notes
Turn   | Place    | Note
-------+----------+-------------------------------------------
     0 | D:1      | Forgeling the Armataur Berserker began the quest for the
                  | Orb.
     0 | D:1      | Reached XP level 1. HP: 19/19 MP: 1/1
    75 | D:1      | Reached XP level 2. HP: 26/26 MP: 2/2
   121 | D:1      | Reached skill level 3 in Axes
   400 | D:1      | Reached ** piety under Trog
   422 | D:1      | Reached XP level 3. HP: 32/32 MP: 3/3
   621 | D:2      | Noticed Terence
   633 | D:2      | Killed Terence
   634 | D:2      | Reached skill level 4 in Axes
   699 | D:2      | Reached XP level 4. HP: 39/39 MP: 4/4
  1470 | D:3      | Reached XP level 5. HP: 38/44 MP: 5/5
  1756 | D:2      | Reached skill level 5 in Axes
  2003 | D:3      | Found the +9 sword of Power {lifebolt}
  2206 | D:3      | Reached *** piety under Trog
  2278 | D:3      | Found Zin's Purification Station.
  2281 | D:3      | Found a glowing silver altar of Zin.
  2509 | D:4      | Noticed an ogre
  2519 | D:4      | Killed an ogre
  2520 | D:4      | Reached XP level 6. HP: 50/53 MP: 6/6
  2549 | D:4      | Noticed Ijyb
  2609 | D:4      | Reached skill level 6 in Axes
  2934 | D:5      | Entered Level 5 of the Dungeon
  2992 | D:5      | Noticed a water moccasin
  3008 | D:5      | Killed a water moccasin
  3009 | D:5      | Reached XP level 7. HP: 59/59 MP: 7/7
  3068 | D:4      | Reached skill level 7 in Axes
  4093 | D:5      | Reached XP level 8. HP: 53/70 MP: 8/8
  4264 | D:5      | Reached **** piety under Trog
  4383 | D:6      | Reached skill level 1 in Shields
  4475 | D:6      | Reached skill level 8 in Axes
  4753 | D:6      | Found a sacrificial altar of Ru.
  5268 | D:7      | Reached skill level 5 in Shields
  5268 | D:7      | Reached skill level 1 in Evocations
  5361 | D:7      | Noticed Menkaure
  5374 | D:7      | Killed Menkaure
  5519 | D:7      | Found a sand-covered staircase.
  5524 | Ossuary  | Entered an ossuary
  5820 | D:7      | Found a shimmering blue altar of Sif Muna.
  5821 | D:7      | Found a snail-covered altar of Cheibriados.
  5821 | D:7      | Found a basalt altar of Yredelemnul.
  5826 | D:7      | Found a hazy altar of Hepliaklqana.
  5966 | D:7      | Reached XP level 9. HP: 63/75 MP: 9/9
  6142 | D:7      | Found an ancient bone altar of Kikubaaqudgha.
  6683 | D:4      | Killed Ijyb
  6791 | D:4      | Found Zoapnuatz's Antique Weapon Shoppe.
  6869 | D:4      | Found a staircase to the Ecumenical Temple.
  7032 | D:8      | Found a sparkling altar of Nemelex Xobeh.
  7189 | D:8      | Reached skill level 9 in Axes
  7436 | D:8      | Identified the +7 sling of Propriety {freeze, rF+ rCorr
                  | Dex+4}
  7731 | D:8      | Reached ***** piety under Trog
  7804 | D:8      | Found a runed translucent gate.
  7878 | D:8      | Found a burning altar of Makhleb.
  7921 | D:8      | Reached skill level 5 in Evocations
  8377 | D:8      | Noticed perezv8180's ghost (novice GrMo)
  8413 | D:8      | Noticed a kobold demonologist
  8415 | D:8      | Found a runed translucent gate.
  8416 | D:8      | Found a runed translucent gate.
  8544 | D:9      | Noticed Harold
  8751 | D:9      | Reached skill level 10 in Axes
  8863 | D:9      | Found a staircase to the Orcish Mines.
  8916 | D:9      | Noticed a two-headed ogre
  8932 | D:9      | Killed a two-headed ogre
  8933 | D:9      | Reached XP level 10. HP: 57/83 MP: 10/10
  8980 | D:9      | Identified the +2 robe of the Poles {*Corrode +Inv rPois
                  | Regen+}
  9004 | D:9      | Found a bloodstained altar of Trog.
  9169 | D:9      | Found a white marble altar of Elyvilon.
  9211 | D:9      | Killed Harold
  9212 | D:9      | Reached skill level 11 in Axes
  9560 | D:10     | Entered Level 10 of the Dungeon
  9565 | D:10     | Noticed Grum
  9724 | D:10     | Reached skill level 5 in Armour
 10030 | D:10     | Noticed a two-headed ogre
 10050 | D:10     | Killed a two-headed ogre
 10092 | D:10     | Found a broken altar of Ashenzari.
 10133 | D:10     | Reached XP level 11. HP: 85/89 MP: 11/11
 10207 | D:10     | Noticed Psyche
 10224 | D:10     | Killed Psyche
 10326 | D:10     | Killed Grum
 10336 | D:9      | Reached skill level 12 in Axes
 10380 | D:10     | Found a stormy altar of Qazlal.
 10569 | D:11     | Noticed Josephine
 10690 | D:11     | Found a staircase to the Lair.
 10781 | D:11     | Killed Josephine
 10782 | D:11     | Reached skill level 5 in Fighting
 11029 | D:11     | Noticed Amaemon
 11082 | D:11     | Killed Amaemon
 12090 | Lair:1   | Entered Level 1 of the Lair of Beasts
 12273 | Lair:1   | Reached XP level 12. HP: 108/108 MP: 12/12
 13444 | Gauntlet | Identified the "Ynixecor"
 13445 | Lair:2   | Identified the +2 long sword of the Inquisitive Xenops
                  | {freeze, rN+ Str+2 Stlth+}
 13546 | Lair:2   | Noticed a death yak
 13546 | Lair:2   | Noticed a death yak
 13570 | Lair:2   | Noticed a death yak
 13579 | Lair:2   | Killed a death yak
 13583 | Lair:2   | Killed a death yak
 13585 | Lair:2   | Killed a death yak
 13624 | Lair:2   | Found a gate leading to a gauntlet.
 13642 | Gauntlet | Entered a Gauntlet
 13642 | Gauntlet | Found a transporter.
 13652 | Gauntlet | Found a transporter.
 13667 | Gauntlet | Found a transporter.
 13672 | Gauntlet | Found a transporter.
 13689 | Gauntlet | Found a transporter.
 13704 | Gauntlet | Found a transporter.
 13719 | Gauntlet | Found a transporter.
 13719 | Gauntlet | Noticed an entropy weaver
 13731 | Gauntlet | Found a transporter.
 13739 | Gauntlet | Found a large runed translucent door.
 13740 | Gauntlet | Found a large runed translucent door.
 13741 | Gauntlet | Found a large runed translucent door.
 13741 | Gauntlet | Found a large runed translucent door.
 13742 | Gauntlet | Found a runed translucent gate.
 13743 | Gauntlet | Found a transporter.
 13743 | Gauntlet | Found a runed translucent gate.
 13744 | Gauntlet | Found a runed translucent gate.
 13745 | Gauntlet | Found a large runed translucent door.
 13745 | Gauntlet | Found a large runed translucent door.
 13746 | Gauntlet | Found a large runed translucent door.
 13747 | Gauntlet | Found a large runed translucent door.
 13755 | Gauntlet | Found a transporter.
 13768 | Gauntlet | Found a large runed translucent door.
 13768 | Gauntlet | Found a large runed translucent door.
 13768 | Gauntlet | Found a runed translucent door.
 13768 | Gauntlet | Found a runed translucent door.
 13769 | Gauntlet | Found a large runed translucent door.
 13770 | Gauntlet | Found a large runed translucent door.
 13772 | Gauntlet | Found a transporter.
 13772 | Gauntlet | Found a transporter.
 13788 | Gauntlet | Found a large runed translucent door.
 13788 | Gauntlet | Found a large runed translucent door.
 13789 | Gauntlet | Found a large runed translucent door.
 13790 | Gauntlet | Found a large runed translucent door.
 13792 | Gauntlet | Found a transporter.
 13812 | Gauntlet | Found a transporter.
 13834 | Gauntlet | Found a transporter.
 13911 | Gauntlet | Found a transporter.
 13938 | Gauntlet | Found a transporter.
 13960 | Gauntlet | Found a transporter.
 14076 | Gauntlet | Reached skill level 13 in Axes
 14143 | Gauntlet | Killed an entropy weaver
 14158 | Gauntlet | Identified the +0 pair of gloves "Lixymoot" {*Corrode rN++
                  | Str+6}
 14193 | Gauntlet | Noticed a minotaur
 14205 | Gauntlet | Demolished by a minotaur

Illustrated notes

Levels and vault maps discovered:
D:1:      lightli_arrival_statue_moat, layout_rooms, grunt_decor_resistance,
          st_stairs_14
D:2:      wad_pebble_path, layout_basic, kennysheep_pointless_box,
          minmay_quadrilaterals, uniq_terence
D:3:      layout_rooms, zin_purify, minmay_misc_feat_rugged, serial_bayou_pond_b
D:4:      layout_basic, temple_hall, serial_shops, shop, kennysheep_boxes,
          uniq_ijyb
D:5:      layout_loops_ring
D:6:      dreamdust_elfheim, layout_cave_pools, nicolae_ru_the_path_less_chosen
D:7:      layout_basic, mainiacjoe_overflow_24_doors, minitemple,
          nicolae_ossuary_entry_plus, uniq_menkaure
D:8:      layout_cave_pods, lemuel_crystal_altar,
          mainiacjoe_overflow_six_doors_small, gammafunk_ghost_nasty_kobolds
D:9:      layout_small_grid, general_overflow_altar, lightli_temple_of_fire,
          orc_0_dummy, serial_bayou, serial_bayou_lagoon_a, serial_bayou_ford_a,
          serial_bayou_pond_d, serial_bayou_shore_b, serial_bayou_crossing,
          serial_bayou_lake_a, david_defended_altar_orc, uniq_harold
D:10:     layout_gridville, mainiacjoe_overflow_brackets,
          nicolae_qazlal_eye_of_the_storm, uniq_psyche, uniq_grum
D:11:     layout_basic, lair_entry_dummy, minmay_misc_feat_room, uniq_amaemon,
          uniq_josephine
Lair:1:   layout_cave_pods
Lair:2:   layout_cellular_growth, nicolae_swamp_entry_spooky,
          gauntlet_entry_generic
Gauntlet: gammafunk_gauntlet_one_two_three
          [gammafunk_gauntlet_arena_arrow_garden,
          nicolae_gauntlet_arena_quarters, gammafunk_gauntlet_arena_hedges,
          nicolae_gauntlet_arena_flowing_pool,
          minmay_gauntlet_arena_make_your_own_arena,
          nicolae_gauntlet_arena_t_cross, gammafunk_gauntlet_arena_chambers,
          gammafunk_gauntlet_arena_spirals, nicolae_gauntlet_arena_blocks,
          gauntlet_exit_watery]

Skill      XL: |  1  2  3  4  5  6  7  8  9 10 11 12 |
---------------+-------------------------------------+-----
Axes           | 3 4 5 6 7 8 10 11 12 13 | 13.0
Fighting       | 4 7 9 |  9.0
Shields        | 5 6 7 8 |  8.1
Evocations     | 2 5 6 7 |  7.0
Armour         | 5 6 8 |  8.1
Throwing       | |  0.9
Dodging        | |  1.3

Action                     |  1- 3 |  4- 6 |  7- 9 | 10-12 || total
---------------------------+-------+-------+-------+-------++-------
  Melee: Hand axe          |    80 |   216 |   514 |   679 ||  1489
         Tailslap          |    12 |    24 |    85 |    91 ||   212
         Punch             |     1 |       |       |       ||     1
   Fire: Sling             |       |       |     3 |       ||     3
  Throw: Dart              |       |     3 |     9 |    10 ||    22
 Invoke: Berserk           |     1 |     2 |     9 |    17 ||    29
         Brothers in Arms  |       |       |       |     3 ||     3
         Trog's Hand       |       |       |       |     2 ||     2
  Evoke: Wand              |       |       |     6 |     1 ||     7
    Use: Scroll            |     1 |     2 |     7 |     4 ||    14
         Potion            |       |     1 |     1 |     1 ||     3
   Stab: Sleeping          |     1 |       |       |       ||     1
 Armour: Animal skin       |    26 |       |       |       ||    26
         Scale mail        |    15 |   176 |   318 |   459 ||   968
  Dodge: Dodged            |    28 |    52 |    89 |   136 ||   305
  Block: Tower shield      |       |    61 |   306 |   481 ||   848

Table legend: (Time is in decaauts)
 A = Elapsed time spent in this place.
 B = Non-inter-level travel time spent in this place.
 C = Inter-level travel time spent in this place.
 D = Time resting spent in this place.
 E = Time spent auto-exploring this place.
 F = Levels seen in this place.
 G = Mean time per level.
                   A        B        C        D        E       F      G
               +--------+--------+--------+--------+--------+-----+--------+
         Total |  14649 |  13880 |    769 |   1393 |   7651 |  15 |  976.6 |
       Dungeon |  12409 |  11681 |    728 |   1321 |   6350 |  11 | 1128.1 |
          Lair |   1478 |   1438 |     40 |     12 |    914 |   2 |  739.0 |
       Ossuary |    177 |    177 |      0 |      0 |     97 |   1 |  177.0 |
      Gauntlet |    583 |    583 |      0 |     60 |    290 |   1 |  583.0 |
               +--------+--------+--------+--------+--------+-----+--------+

Top non-repeatable levels by time:
     D:7: 1524 daAuts
     D:5: 1478 daAuts
     D:8: 1400 daAuts
    D:11: 1382 daAuts
  Lair:1: 1279 daAuts
    D:10: 1213 daAuts
     D:2: 1196 daAuts
     D:9: 1168 daAuts
     D:6: 864 daAuts
     D:4: 848 daAuts
     D:3: 802 daAuts
Gauntlet: 583 daAuts
     D:1: 528 daAuts
  Lair:2: 199 daAuts
 Ossuary: 177 daAuts
